[Event "*** Titled Tuesday Blitz"]
[Site "Chess.com"]
[Date "2018.11.06"]
[Round "4"]
[White "Alex_Banzea"]
[Black "pedromartinez91"]
[Result "0-1"]
[WhiteElo "2311"]
[BlackElo "2497"]
[TimeControl "180+2"]
[EndTime "13:54:19 PST"]
[Termination "pedromartinez91 won by resignation"]

1. e4 e6 2. d4 d5 3. Nc3 Nf6 4. e5 Ne4 5. Nxe4 dxe4 6. Be3 c5 7. dxc5 Nd7 8. Qg4 Nxc5 9. Bb5+ Nd7 10. Ne2 a6 11. Bxd7+ Bxd7 12. O-O h5 13. Qxe4 Bc6 14. Qf4 Qd5 15. f3 g5 16. Qd4 g4 17. Qxd5 Bxd5 18. Nf4 Bc6 19. c4 gxf3 20. gxf3 Bg7 21. Bd4 O-O-O 22. Bc3 Bh6 23. Ng2 Rhg8 24. Kf2 Rd3 25. Ne1 Rdd8 26. Ng2 h4 27. Rfd1 h3 28.
Rxd8+ Kxd8 29. Ne3 Bxe3+ 30. Kxe3 Rg2 31. Rd1+ Ke8 32.
Rd2 Rg1 33. Ba5 Rf1 34. Rd8+ Ke7 35. Rh8 Rxf3+ 36. Kd4 Kd7 37. b4 Ke7 38. Bd8+ Kd7 39.
Bf6 b6 40. Rb8 Kc7 41. Rf8 Rf4+ 42. Kc3 Rf3+ 43. Kd4 Rf4+ 44. Ke3 Rxc4 45. Rxf7+ Kc8 46. Rf8+ Kc7 47. Rf7+ Bd7 48. Be7 Rc2 49. Rf2 Rc3+ 50. Kd4 Rc1 51. Bg5 Rd1+ 52. Rd2 Rg1 53. Bf4 Bc6 54.
Rc2 Kb7 55. Ke3 Bd5 56. a3 Ra1 57. Rc3 Rf1 58. Bg5 Rf5 59. Bf6 Rf3+ 60. Ke2 Rxc3 0-1

[Event "*** Titled Tuesday Blitz"]
[Site "Chess.com"]
[Date "2018.11.06"]
[Round "4"]
[White "GasconJR"]
[Black "Rashad_Zeynalli"]
[Result "1/2-1/2"]
[WhiteElo "2411"]
[BlackElo "2401"]
[TimeControl "180+2"]
[EndTime "13:54:21 PST"]
[Termination "Game drawn by agreement"]

1. e4 e5 2. Nf3 Nc6 3. Bc4 Bc5 4. d3 Nf6 5. c3 O-O 6. O-O d5 7. exd5 Nxd5 8. h3 Nb6 9. Bb5 Bd6 10. Re1 Re8 11.
Nbd2 a6 12. Bxc6 bxc6 13. Ne4 c5 14. c4 Bb7 15. Nh4 Bf8 16. Nf5 Nxc4 17. Qg4 Qxd3 18. Nh6+ Kh8 19. Nxf7+ Kg8 20. Nh6+ Kh8 21. Ng5 Nd6 22.
Rd1 Qxd1+ 23. Qxd1 gxh6 24. Nf3 Bg7 25. Be3 Rad8 26.
Qc2 Nb5 27. Qxc5 Bxf3 28. gxf3 Nd4 29. Qxc7 Nxf3+ 30. Kh1 e4 31. Rc1 Rg8 32. b4 Bb2 33.
Rb1 Rc8 34. Qf4 Rce8 35. a4 Rg7 36. b5 axb5 37. axb5 Reg8 38. Qg3 Rxg3 39. fxg3 Bd4 40. Bf4 Be5 41. Bxe5+ Nxe5 42. Re1 Rxg3 43. Rxe4 Nf3 44. Rg4 Rxg4 45. hxg4 Ne5 46. b6 Nd7 47. b7 Kg7 48. Kg2 Kg6 49. Kg3 Kg5 50. Kh3 h5 51. gxh5 Kxh5 52. Kg3 Kg5 53. Kh3 Kf6 54. Kh4 Kg6 55. Kg4 Ne5+ 56. Kh4 Nc6 57. Kg4 h5+ 58. Kh4 Kh6 59.
Kg3 1/2-1/2

[Event "*** Titled Tuesday Blitz"]
[Site "Chess.com"]
[Date "2018.11.06"]
[Round "4"]
[White "nubair1198"]
[Black "Muisback26"]
[Result "1/2-1/2"]
[WhiteElo "2548"]
[BlackElo "2804"]
[TimeControl "180+2"]
[EndTime "13:54:23 PST"]
[Termination "Game drawn by stalemate"]

1. d4 Nf6 2. c4 g6 3. Nc3 Bg7 4. e4 O-O 5. Nf3 d6 6. Be2 e5 7. O-O c6 8. Be3 exd4 9. Nxd4 Re8 10. f3 d5 11. cxd5 Nxd5 12. Nxd5 cxd5 13. Rc1 a5 14. Bb5 Bd7 15. Rc5 dxe4 16. Rd5 Qe7 17. Bxd7 Nxd7 18. Nf5 gxf5 19. Rxd7 Qe6 20. fxe4 Qxe4 21. Bd4 Bxd4+ 22. Rxd4 Qe3+ 23. Kh1 Qe2 24. Rxf5 Qxd1+ 25. Rxd1 Re2 26. h4 Ra6 27. Rd8+ Kg7 28. Rd7 Rf6 29. Rxf6 Kxf6 30. Rxb7 a4 31. a3 Kg6 32. Kh2 f5 33. Kg3 Rc2 34.
Kf3 h6 35. Rb5 Kf6 36. Rb4 h5 37. Rb5 Rd2 38. g3 Rc2 39. Rb6+ Ke5 40. Rb5+ Kf6 41.
Rb4 Ke5 42. Ke3 Rg2 43. Rb5+ Kf6 44. Kf3 Rc2 45. Rb8 Ke5 46. Rb6 Rd2 47. Rb5+ Kf6 48. Ke3 Rg2 49. Kf3 Rc2 50. Rb4 Ke5 51. Rxa4 Rxb2 52. Rb4 Ra2 53. Rb5+ Kf6 54. Kf4 Rxa3 55.
Rb6+ Kg7 56. Rc6 Rb3 57. Rc5 Kg6 58. Rc6+ Kg7 59. Ra6 Rc3 60. Rb6 Ra3 61. Rb2 Kf6 62. Rb6+ Kg7 63. Rb5 Kg6 64. Rb6+ Kg7 65. Kxf5 Rxg3 66.
Rb7+ Kh6 67. Rb4 Rf3+ 68. Rf4 Rxf4+ 69. Kxf4 Kg6 70. Ke5 Kg7 71. Kf5 Kh6 72. Kf6 Kh7 73. Kg5 Kg7 74. Kxh5 Kh7 75. Kg5 Kg7 76. h5 Kh7 77. h6 Kh8 78. Kh5 Kg8 79. Kg6 Kh8 80. h7 1/2-1/2

[Event "*** Titled Tuesday Blitz"]
[Site "Chess.com"]
[Date "2018.11.06"]
[Round "4"]
[White "AndrewMcStone"]
[Black "BvsN"]
[Result "1/2-1/2"]
[WhiteElo "2147"]
[BlackElo "2216"]
[TimeControl "180+2"]
[EndTime "13:54:23 PST"]
[Termination "Game drawn by agreement"]

1. d4 d5 2. c4 c6 3. Nc3 Nf6 4.
e3 Bf5 5. cxd5 cxd5 6. Qb3 Nc6 7. Qxb7 Bd7 8. Qb3 Rb8 9. Qd1 e5 10. Nf3 Bd6 11. dxe5 Nxe5 12. Be2 Qc7 13. Nxe5 Bxe5 14. f4 Bxc3+ 15. bxc3 Qxc3+ 16. Bd2 Qc7 17. Rc1 Qb6 18. O-O O-O 19. Rb1 Qc5 20. Rc1 Qb6 21. Rb1 Qe6 22.
Bd3 Rfe8 23. Qf3 Ne4 24. Bxe4 dxe4 25. Qg3 Qg4 26. Qxg4 Bxg4 27. Bc3 Be2 28. Rfe1 Bd3 29. Rxb8 Rxb8 30. Kf2 f6 31. Bd4 Kf7 32. Rc1 Rb7 33.
g3 Ke6 34. Rc5 Rb1 35. Rc6+ Kf5 36. h3 h5 37. Rc5+ Ke6 38. Rxh5 Rf1+ 39. Kg2 Re1 40. Ra5 a6 41. g4 Re2+ 42. Kg3 g6 43. f5+ gxf5 44.
gxf5+ Kf7 45. Rc5 Rc2 46. Rxc2 Bxc2 47. Kf4 a5 48. h4 Kg7 49. h5 Bd3 50. h6+ Kxh6 51.
Bxf6 Kh7 52. Bc3 a4 53. a3 Kg8 54. Ke5 Kf7 55. Kd6 Bc2 56. f6 Bd3 57. Kc5 Bc2 58. Kb4 Bb3 59. Bb2 Bc2 60. Kc3 Bb3 61. Kd4 Bc2 62. Kc4 Bd3+ 63. Kd4 Bc2 64. Kc5 Bb3 65. Kb4 Bc2 66. Kc4 1/2-1/2

[Event "*** Titled Tuesday Blitz"]
[Site "Chess.com"]
[Date "2018.11.06"]
[Round "4"]
[White "gmjlh"]
[Black "tioloko"]
[Result "1-0"]
[WhiteElo "2625"]
[BlackElo "2522"]
[TimeControl "180+2"]
[EndTime "13:54:33 PST"]
[Termination "gmjlh won on time"]

1. d4 Nf6 2. c4 g6 3. f3 Bg7 4. e4 d6 5. Ne2 O-O 6. Nec3 c5 7. d5 e6 8. Bg5 h6 9. Be3 exd5 10.
cxd5 Nbd7 11. Be2 Qe7 12. O-O a6 13. a4 b6 14. Nd2 Ne5 15. Rb1 Bd7 16. b4 cxb4 17.
Rxb4 Rfc8 18. Bd4 Rab8 19. Bxa6 Rc7 20. Bb5 Bxb5 21. Nxb5 Rcc8 22. Qb3 Nfd7 23. Bxe5 Bxe5 24. g3 Nc5 25. Qe3 Bg7 26. Nd4 Bxd4 27. Rxd4 Kh7 28. Rb1 Qa7 29. Nc4 Rd8 30. Qf4 Nxa4 31. Nxd6 Nc3 32.
Re1 Rxd6 33. Qxd6 Nb5 34. Qf6 Nxd4 35. Qxd4 Qa5 36. Rd1 b5 37. d6 b4 38. Kg2 b3 39. d7 Rd8 40. Qc4 Qa2+ 41. Kh3 Kg7 42. Qc3+ Kg8 43. Qc7 Qa8 44. Qb6 Kg7 45. Qxb3 Qc6 46.
Qd5 Qc2 47. Qd4+ Kh7 48. Qf6 Qc4 49. Qxd8 Qe6+ 50. Kg2 Qa2+ 51. Kh3 Qe2 52. Qf6 Qxd1 53. Qxf7+ Kh8 54. Qf8+ 1-0

[Event "*** Titled Tuesday Blitz"]
[Site "Chess.com"]
[Date "2018.11.06"]
[Round "4"]
[White "vovachesss"]
[Black "saraswathii"]
[Result "1-0"]
[WhiteElo "2442"]
[BlackElo "2271"]
[TimeControl "180+2"]
[EndTime "13:54:34 PST"]
[Termination "vovachesss won by checkmate"]

1. Nf3 Nc6 2. d4 d5 3. Bf4 Bf5 4. e3 a6 5. a3 e6 6. c4 Bd6 7.
Bxd6 Qxd6 8. Nc3 Nf6 9. Bd3 Bxd3 10. Qxd3 O-O 11. O-O dxc4 12. Qxc4 e5 13. Rad1 exd4 14. Nxd4 Nxd4 15. Rxd4 Qb6 16. b4 Rad8 17. Rfd1 Rxd4 18. Rxd4 Re8 19. h3 h6 20. Kf1 Rc8 21. Ke2 Re8 22. g4 Rc8 23. h4 Qe6 24. Qxe6 fxe6 25. g5 hxg5 26. hxg5 Nh7 27. f4 Nf8 28. Ne4 Kf7 29. Nc5 Rb8 30. a4 Ke7 31. b5 axb5 32. axb5 b6 33.
Na6 Rc8 34. Nb4 e5 35. Nc6+ Ke8 36. Re4 Nd7 37. fxe5 Nc5 38. Rh4 Kf7 39. g6+ Ke6 40. Rh5 Ne4 41. Kd3 Nc5+ 42. Kc4 Ra8 43. Nd4+ Kd7 44.
Rf5 Ra3 45. Rf7+ Kc8 46. Kd5 Rxe3 47. Kc6 Kd8 48. Kd5 Nd7 49. Nc6+ Kc8 50. Rxg7 Re1 51.
Rg8+ Kb7 52. Ke6 Nc5+ 53. Ke7 Nd3 54. Rb8# 1-0

[Event "*** Titled Tuesday Blitz"]
[Site "Chess.com"]
[Date "2018.11.06"]
[Round "4"]
[White "Iyael"]
[Black "Sanan_Sjugirov"]
[Result "1/2-1/2"]
[WhiteElo "2029"]
[BlackElo "2851"]
[TimeControl "180+2"]
[EndTime "13:54:39 PST"]
[Termination "Game drawn by agreement"]

1. e4 c5 2. c3 Nf6 3. e5 Nd5 4. d4 cxd4 5. Nf3 d6 6. Bc4 dxe5 7. Nxe5 e6 8. cxd4 Be7 9. O-O O-O 10. Nc3 Nxc3 11. bxc3 Nd7 12. Re1 Qc7 13. Qd3 Nxe5 14. Rxe5 g6 15. Bh6 Re8 16. Bf4 Bd6 17. Rc5 Qe7 18.
Bxd6 Qxd6 19. Bb5 Rd8 20. Qf3 Rb8 21. Re1 Bd7 22. Bxd7 Rxd7 23. h4 b6 24. Rce5 Rc8 25.
h5 Rdc7 26. R1e3 Qd8 27. hxg6 hxg6 28. Qh3 Kg7 29. R5e4 Qg5 30. Rh4 Rg8 31. Kh2 Qxh4 32. Qxh4 Rh8 33. Qxh8+ Kxh8 34. Kg3 Kg7 35. Kf4 Rc4 36.
Ke5 Ra4 37. Re2 g5 38. g4 Kg6 39. Rc2 b5 40. f3 Rc4 41. Ke4 Kf6 42. f4 gxf4 43.
Kxf4 b4 44. Ke4 bxc3 45. Kd3 Rc8 46. Rf2+ Kg5 47. Kc2 Rc7 48. Rg2 Kf4 49. g5 Kf3 50.
Rg1 Ke3 51. g6 fxg6 52. Rxg6 Kxd4 53. Rxe6 a5 54. Ra6 Kc4 55. Rxa5 Re7 56. Ra4+ Kb5 57. Rg4 Re2+ 58. Kxc3 Rxa2 1/2-1/2

[Event "*** Titled Tuesday Blitz"]
[Site "Chess.com"]
[Date "2018.11.06"]
[Round "4"]
[White "DawidCzerw"]
[Black "MishkaFighter"]
[Result "1/2-1/2"]
[WhiteElo "2244"]
[BlackElo "2291"]
[TimeControl "180+2"]
[EndTime "13:54:46 PST"]
[Termination "Game drawn by agreement"]

1. d4 Nf6 2. c4 g6 3. Nc3 d5 4. Bg5 Bg7 5. Bxf6 Bxf6 6. cxd5 c6 7. Rc1 O-O 8. dxc6 Qxd4 9. Qxd4 Bxd4 10. cxb7 Bxb7 11.
Nf3 Bg7 12. e3 Nd7 13. Be2 Rab8 14. b3 Rbc8 15. Kd2 Rfd8 16. Rhd1 Nc5+ 17. Ke1 Rxd1+ 18.
Kxd1 Nxb3 19. axb3 Bxc3 20. Bc4 Bb4 21. Nd4 Kg7 22. f3 e5 23. Nc2 Rd8+ 24. Ke2 Rd2+ 25. Kf1 Bc5 26. b4 Bb6 27. Bb3 Ba6+ 28. Kg1 Re2 29.
Re1 Bxe3+ 30. Kh1 Rxe1+ 31. Nxe1 f5 32. g3 g5 33. Kg2 Bb7 34. Nc2 Bd2 35. Bc4 Kf6 36.
h3 h5 37. b5 g4 38. hxg4 hxg4 39. Be2 Ke6 40. Na3 Bd5 41. Nc2 Kd6 42. Kf2 Ba5 43.
fxg4 Bb6+ 44. Ke1 f4 45. gxf4 exf4 46. Kf1 Ke5 47. Ne1 Be6 48. Nf3+ Kd6 49. Ng5 Bd5 50. Bf3 Bc4+ 51. Be2 Bxe2+ 52. Kxe2 Kc5 53. Ne6+ Kxb5 54. Nxf4 a5 55. Kd2 a4 56. Kc2 Bd4 57. Kb1 Kb4 58. Ka2 Kc4 59. g5 Be5 60. Nh5 Kd5 61. g6 Ke6 62.
Ka3 1/2-1/2

[Event "*** Titled Tuesday Blitz"]
[Site "Chess.com"]
[Date "2018.11.06"]
[Round "4"]
[White "JeremDev"]
[Black "ddtru"]
[Result "1/2-1/2"]
[WhiteElo "2280"]
[BlackElo "2298"]
[TimeControl "180+2"]
[EndTime "13:54:46 PST"]
[Termination "Game drawn by agreement"]

1. e4 c5 2. d4 cxd4 3. c3 Nf6 4. e5 Nd5 5. Nf3 e6 6. cxd4 d6 7. Bc4 Nc6 8. O-O Be7 9. Qe2 O-O 10. Nc3 Nxc3 11. bxc3 dxe5 12. dxe5 Qa5 13. Bd2 Rd8 14. Bb3 Bd7 15. Qe4 Be8 16. Rfe1 Qc5 17. Rac1 Na5 18. Bc2 g6 19. Bg5 Bxg5 20. Nxg5 Qc4 21. Qf3 Qh4 22. Ne4 Bc6 23. Nf6+ Kg7 24. Be4 Nc4 25. g3 Nxe5 26. gxh4 Nxf3+ 27. Bxf3 Bxf3 28. Ne4 Rd5 29. c4 Rd4 30. Ng5 Rg4+ 31. Kf1 Bc6 32. Re3 h6 33.
Nf3 Rf4 34. Ne5 Rxh4 35. h3 Rd8 36. Nxc6 bxc6 37. Ke2 Rhd4 38. Rb1 Rd2+ 39. Kf3 Rxa2 40. Rb7 Rad2 41. Rxe6 R2d3+ 42. Kg2 R3d7 43. Rxd7 Rxd7 44.
Rxc6 Rb7 45. Rc8 a5 46. Ra8 Rc7 47. Rxa5 Rxc4 48. Ra3 g5 49. Rb3 Kg6 50. Rb6+ f6 51. Rb3 h5 52. Ra3 Kf5 53. Ra5+ Kf4 54. Ra3 h4 55.
Rf3+ Ke5 56. Re3+ Re4 57. Ra3 f5 58. Kf3 Rf4+ 59. Kg2 Rd4 60. Re3+ Re4 61. Ra3 Rd4 62. Re3+ Kf6 63. Ra3 g4 64. Rb3 Kg5 65. Ra3 Rd2 66.
Kg1 f4 67. Ra5+ Kg6 68. hxg4 f3 69. Rf5 Rd4 70. Rxf3 Rxg4+ 1/2-1/2

[Event "*** Titled Tuesday Blitz"]
[Site "Chess.com"]
[Date "2018.11.06"]
[Round "4"]
[White "volcanoexplorer"]
[Black "Manukyan_Artak"]
[Result "0-1"]
[WhiteElo "2466"]
[BlackElo "2426"]
[TimeControl "180+2"]
[EndTime "13:54:55 PST"]
[Termination "Manukyan_Artak won on time"]

1. e4 c6 2. d4 d5 3. exd5 cxd5 4. Bd3 Nc6 5. c3 e5 6. dxe5 Nxe5 7. Qe2 Qe7 8. Bb5+ Bd7 9. Bxd7+ Kxd7 10. Be3 Nf6 11.
Nd2 Re8 12. O-O-O Nc6 13. Qb5 Kc8 14. Ngf3 a6 15. Qa4 Ne4 16. Rhe1 Qc7 17. Nb3 Nf6 18. Bf4 Bd6 19. Bxd6 Qxd6 20. Nbd4 Rxe1 21. Rxe1 Ne4 22. Nxc6 Qxc6 23. Qd4 f6 24. Nd2 Nxd2 25. Kxd2 Rd8 26.
Re7 Rd7 27. Re8+ Kc7 28. Qa7 Kd6 29. Qd4 Kc7 30. f4 Qb6 31. Qxb6+ Kxb6 32. Kd3 Kc5 33. Rc8+ Kd6 34. Re8 g6 35. Kd4 Rc7 36. Rd8+ Ke6 37. Rxd5 b5 38. b3 h5 39. a4 bxa4 40. bxa4 Rxc3 41.
Rxh5 Rc2 42. Ra5 Rxg2 43. Rxa6+ Kf5 44. Ke3 Rxh2 45. Ra8 Rh3+ 46. Kf2 Kxf4 47. a5 Rh2+ 48. Kg1 Ra2 49. a6 Kg3 50. Kf1 g5 51. a7 g4 52. Rf8 Rxa7 53. Rxf6 Ra1+ 54. Ke2 Kg2 55.
Rg6 g3 56. Ke3 Rf1 57. Ke2 Rf8 58. Rg7 Kh2 59. Rh7+ Kg2 60. Ke3 Kg1 61. Rg7 g2 62.
Ke2 Re8+ 63. Kf3 Kf1 64. Ra7 Rf8+ 0-1

[Event "*** Titled Tuesday Blitz"]
[Site "Chess.com"]
[Date "2018.11.06"]
[Round "4"]
[White "PelinGorki"]
[Black "champ2005"]
[Result "1/2-1/2"]
[WhiteElo "2628"]
[BlackElo "2758"]
[TimeControl "180+2"]
[EndTime "13:54:58 PST"]
[Termination "Game drawn by agreement"]

1. e4 c6 2. Nc3 d5 3. Nf3 Nf6 4. e5 Ne4 5. Ne2 Qb6 6. d4 e6 7.
Ng3 c5 8. Bd3 Nxg3 9. hxg3 Nc6 10. c3 Bd7 11. Be3 Qxb2 12. O-O c4 13. Bc2 Qxc3 14.
Bd2 Qa3 15. Rb1 b6 16. Re1 Be7 17. Re3 Qa6 18. Bc1 Nb4 19. Bd2 Nxc2 20. Qxc2 O-O 21. Nh2 Qa4 22. Qc1 f5 23. exf6 Bxf6 24. Nf3 Qc6 25.
Bb4 Rf7 26. g4 a5 27. Bd2 h6 28. Qe1 b5 29. Bxa5 Qa6 30. Bc3 Qc8 31. Rb2 Ra3 32.
Bb4 Rxe3 33. Qxe3 Qa8 34. Re2 Qa4 35. a3 Qd1+ 36. Re1 Qc2 37. Ne5 Bxe5 38. dxe5 Qa4 39.
Qc5 Qa8 40. f3 Be8 41. Qd6 Qc6 42. Kf2 Qxd6 43. exd6 Bd7 44. Ke3 Rf8 45. Kd4 Rc8 46. Bc3 Kf7 47. f4 Ra8 48. Bb4 Rc8 49. Bc3 Rh8 50. f5 Re8 51. fxe6+ Rxe6 52. Rf1+ Rf6 53. Rxf6+ gxf6 54. Kxd5 Kg6 55. Kc5 Kg5 56. Kb6 Kxg4 57.
Bxf6 Kf5 58. Bc3 Ke6 59. Kc7 h5 60. g3 Be8 61. Be1 Bd7 62. Bb4 Be8 63. Be1 Bd7 64. Bb4 Be8 1/2-1/2

[Event "*** Titled Tuesday Blitz"]
[Site "Chess.com"]
[Date "2018.11.06"]
[Round "4"]
[White "GMSrinath"]
[Black "Fins0905"]
[Result "0-1"]
[WhiteElo "2822"]
[BlackElo "2588"]
[TimeControl "180+2"]
[EndTime "13:54:58 PST"]
[Termination "Fins0905 won by resignation"]

1. b3 d5 2. Bb2 Bg4 3. Nf3 Bxf3 4. exf3 e6 5. g3 Nf6 6. Bg2 g6 7. O-O Bg7 8. f4 O-O 9. d3 c6 10. Nd2 Nbd7 11. Re1 a5 12. a4 Ne8 13. Bxg7 Nxg7 14. h4 Qb6 15. Nf3 Rac8 16. Bh3 Rfd8 17. Kg2 Qb4 18.
Ne5 Nxe5 19. Rxe5 Qc3 20. Rb1 b5 21. Qe2 Rb8 22. Rh1 bxa4 23. bxa4 Rb2 24. Rc1 Ra2 25. Bg4 h5 26. Bh3 Rxa4 27. Rb1 Rb4 28. Rxb4 Qxb4 29.
Qe3 Ra8 30. g4 a4 31. gxh5 Nxh5 32. d4 Ng7 33. Bg4 a3 34. h5 gxh5 35. f5 Qe7 36.
Qh6 Qh4 37. Re3 exf5 38. Bh3 f4 39. Qxc6 fxe3 40. Qxa8+ Kh7 41. fxe3 Qg5+ 42. Kf3 Nf5 43. Qa7 Qxe3+ 44. Kg2 Qg3+ 45. Kf1 Qxh3+ 46. Ke2 Qg2+ 47.
Ke1 Qe4+ 48. Kf1 Qf3+ 49. Kg1 Kg7 50. c4 dxc4 51. Qc5 Kg6 52. Qb6+ f6 53. Qd8 Qe3+ 54.
Kh1 Qe4+ 55. Kh2 Qf4+ 56. Kh1 Qxd4 57. Qe8+ Kg5 58. Qg8+ Kf4 59. Qb8+ Qe5 60. Qb4 Qe4+ 61. Kh2 Qe2+ 62. Kg1 Kg3 63. Qb8+ Kh3 64. Qg3+ Kxg3 0-1

[Event "*** Titled Tuesday Blitz"]
[Site "Chess.com"]
[Date "2018.11.06"]
[Round "4"]
[White "Pudor"]
[Black "sergeikim"]
[Result "1-0"]
[WhiteElo "2324"]
[BlackElo "2469"]
[TimeControl "180+2"]
[EndTime "13:55:00 PST"]
[Termination "Pudor won by resignation"]

1. d4 Nf6 2. c4 g6 3. Nc3 Bg7 4. e4 d6 5. Nf3 O-O 6. Be2 e5 7.
O-O exd4 8. Nxd4 Re8 9. f3 Nbd7 10. Kh1 c6 11. b3 a5 12. Bb2 Nc5 13. Qd2 Qb6 14.
Nc2 Re6 15. Rad1 Nfd7 16. Qf4 Ne5 17. Qg3 h6 18. f4 Ned7 19. Bf3 Qc7 20. f5 Rf6 21.
Ne2 Ne5 22. Nf4 Qe7 23. fxg6 fxg6 24. Bxe5 Qxe5 25. Ne2 Be6 26. Qxe5 dxe5 27. Ne3 h5 28. Rd6 Bf8 29. Rdd1 Bh6 30. Nc2 Rff8 31. Nc3 Rad8 32. Rxd8 Rxd8 33. Rd1 Nd3 34. Kg1 Rd7 35. Be2 Nc5 36.
Rxd7 Bxd7 37. Kf2 Bd2 38. Nb1 Nxe4+ 39. Kf3 Ng5+ 40. Kg3 Bf4+ 41. Kf2 Ne4+ 42. Kf3 Nd2+ 43. Nxd2 Bxd2 44. Bd3 Bf5 45. Bxf5 gxf5 46. Ke2 Bf4 47.
g3 Bg5 48. Ne1 Kf7 49. Nd3 Bf6 50. Nc5 b6 51. Nd7 h4 52. Nxb6 h3 53. Nd7 Kg6 54. Nb8 f4 55. gxf4 exf4 56. Kf3 Kf5 57. Nxc6 Bc3 58.
Ne7+ Ke6 59. Nd5 Ke5 60. Nxf4 Kd4 61. Ne2+ Kd3 62. Nxc3 Kxc3 63. c5 Kb2 64. c6 Kxa2 65.
c7 Kxb3 66. c8=Q a4 67. Qc1 a3 68. Qa1 a2 69. Kg3 1-0

[Event "*** Titled Tuesday Blitz"]
[Site "Chess.com"]
[Date "2018.11.06"]
[Round "4"]
[White "AlexTriapishko"]
[Black "FairChess_on_YouTube"]
[Result "1/2-1/2"]
[WhiteElo "2771"]
[BlackElo "2929"]
[TimeControl "180+2"]
[EndTime "13:55:13 PST"]
[Termination "Game drawn - insufficient material"]

1. e4 c5 2. Nf3 e6 3. d4 cxd4 4. Nxd4 Nc6 5. Nc3 a6 6. Qd3 Qc7 7. Nxc6 bxc6 8. Qg3 Qxg3 9. hxg3 Rb8 10. b3 d5 11. Bb2 Nf6 12. Bd3 Bc5 13. f3 Bd4 14. O-O-O c5 15. exd5 exd5 16. g4 Bb7 17. Rde1+ Kf8 18.
g5 Ne8 19. Na4 Bxb2+ 20. Kxb2 c4 21. Nc5 Bc8 22. Bf1 Nc7 23. Re5 Rb5 24. Na4 d4 25. Re4 c3+ 26. Kc1 Rb4 27. a3 Rxa4 28. bxa4 Ne6 29.
Bc4 Ke7 30. Bxe6 Bxe6 31. Rxd4 Rb8 32. Rb4 Rc8 33. Rd1 g6 34. Rb7+ Kf8 35. Rb6 Rc5 36.
Rxa6 Rxg5 37. g4 h5 38. Ra8+ Kg7 39. gxh5 gxh5 40. a5 h4 41. a6 Ra5 42. Rg1+ Kf6 43.
Kd1 Rxa3 44. Ke2 Bf5 45. a7 h3 46. Ke3 Bxc2 47. Rh1 Bf5 48. Kf4 c2 49. Rb8 Rxa7 50. Rb6+ Be6 51. Rc6 Ra2 52. Kg3 Ke7 53. Rc1 Bf5 54.
Kf4 Ra5 55. Rc7+ Kf6 56. Rc6+ Ke7 57. Rc7+ Kf8 58. Kg3 Rd5 59. R1xc2 Bxc2 60. Rxc2 Rh5 61. Rh2 Ke7 62. Rxh3 Rxh3+ 63. Kxh3 Kf6 64. Kg4 Kg6 65. f4 Kf6 66. f5 Ke5 67. Kg5 Ke4 68. Kf6 Kf4 69.
Kxf7 Kxf5 1/2-1/2

[Event "*** Titled Tuesday Blitz"]
[Site "Chess.com"]
[Date "2018.11.06"]
[Round "4"]
[White "severomorskij"]
[Black "vugarrasulov"]
[Result "0-1"]
[WhiteElo "2711"]
[BlackElo "2783"]
[TimeControl "180+2"]
[EndTime "13:55:18 PST"]
[Termination "vugarrasulov won by resignation"]

1. d4 Nf6 2. Bg5 c5 3. Nc3 e6 4. d5 h6 5. Bxf6 Qxf6 6. e4 g5 7. Nf3 Bg7 8. e5 Qf4 9. g3 Qb4 10. a3 Qa5 11. dxe6 dxe6 12. Qd6 Nc6 13. Rd1 Bf8 14.
Qd2 g4 15. Bb5 gxf3 16. O-O Be7 17. Bxc6+ bxc6 18. Qf4 Ba6 19. Rfe1 Be2 20. Nxe2 fxe2 21. Rxe2 Rd8 22. Ree1 Rd4 23. Qf3 O-O 24. Kg2 Rfd8 25. Rxd4 Rxd4 26. Re2 Qb5 27. c3 Ra4 28. Rd2 Kf8 29.
Qh5 Ke8 30. Qxh6 Rg4 31. Qh8+ Bf8 32. Rd8+ Kxd8 33. Qxf8+ Kc7 34. Qxf7+ Kb6 35. Qxe6 Qe2 36. b4 cxb4 37. cxb4 Rc4 38. Qd6 Qe4+ 39. Kh3 Kb5 40.
e6 Qf5+ 41. Kg2 Rc2 42. Qd4 Qxe6 43. Qd3+ Qc4 44. Qf5+ Ka4 45. h4 Qd5+ 46. Qxd5 cxd5 47. h5 d4 48. Kf3 d3 49. Ke3 Re2+ 50. Kxd3 Rxf2 51. Ke4 Kb5 52. g4 Kc6 53. h6 Kd7 54.
g5 Ke7 55. Kd5 Rf5+ 56. Kc6 Rxg5 57. Kb7 Kd7 58. Kxa7 Kc7 59. h7 Rh5 60. b5 Rxh7 61. a4 Rh5 62. b6+ Kc6 63. Ka6 Rh8 64. b7 Rb8 65. a5 Kc7 66. Ka7 Rxb7+ 67. Ka6 Rb2 68. Ka7 Kc6 69. a6 Kc7 70. Ka8 Kb6 71. a7 Rh2 0-1

[Event "*** Titled Tuesday Blitz"]
[Site "Chess.com"]
[Date "2018.11.06"]
[Round "4"]
[White "GCamachoMartinez"]
[Black "Vamostodorecto"]
[Result "1/2-1/2"]
[WhiteElo "2326"]
[BlackElo "2443"]
[TimeControl "180+2"]
[EndTime "13:55:21 PST"]
[Termination "Game drawn - insufficient material"]

1. d4 Nf6 2. c4 g6 3. Nc3 d5 4. cxd5 Nxd5 5. e4 Nxc3 6. bxc3 Bg7 7. Bc4 c5 8. Ne2 O-O 9. O-O Nc6 10. Be3 Na5 11. Bd3 b6 12. Qd2 e5 13. d5 c4 14. Bc2 Nb7 15. Bh6 Nd6 16. Bxg7 Kxg7 17. f4 f6 18. fxe5 fxe5 19. Rxf8 Qxf8 20. Rf1 Qe7 21.
Qe3 Bd7 22. Qg3 b5 23. Kh1 a5 24. a3 Nf7 25. Qf2 Rf8 26. Qa7 Qd8 27. Qc5 Bg4 28. Ng1 Nd6 29. Rxf8 Qxf8 30. h3 Bc8 31. Qc7+ Kh6 32. Qxa5 Qf2 33. Qb4 Qf6 34. Qc5 Bd7 35.
Qe3+ Kg7 36. Nf3 h6 37. Kg1 g5 38. Nd2 Qf4 39. Qf2 Kf6 40. Qxf4+ gxf4 41. Kf2 Be8 42.
Nf3 Bh5 43. g3 Bxf3 44. Kxf3 fxg3 45. Kxg3 Kg5 46. h4+ Kf6 47. Kg4 Kg6 48. h5+ Kf6 49.
Kh4 Ke7 50. Kg3 Kf6 51. Kg4 Ke7 52. Kf3 Kf6 53. a4 bxa4 54. Bxa4 Kg5 55. Bc2 Kxh5 56. Kg3 Kg5 57. Bb1 h5 58. Bc2 h4+ 59. Kh3 Kh5 60. Bd1+ Kg5 61. Bf3 Kf4 62. Bh1 Ke3 63. Kxh4 Kd3 64.
Kg5 Kxc3 65. Kf6 Kd4 66. Ke6 Nb5 67. Bf3 c3 68. Bd1 Kxe4 69. d6 Nxd6 70. Kxd6 Kd3 71.
Kxe5 Kd2 72. Ba4 c2 73. Bxc2 1/2-1/2

[Event "*** Titled Tuesday Blitz"]
[Site "Chess.com"]
[Date "2018.11.06"]
[Round "4"]
[White "Jospem"]
[Black "olksuna"]
[Result "0-1"]
[WhiteElo "2805"]
[BlackElo "2550"]
[TimeControl "180+2"]
[EndTime "13:55:25 PST"]
[Termination "olksuna won by resignation"]

1. e4 c5 2. Nf3 Nc6 3. d4 cxd4 4. Nxd4 g6 5. c4 Bg7 6. Be3 Nf6 7. Nc3 d6 8. Be2 O-O 9. O-O Bd7 10. Qd2 Nxd4 11. Bxd4 Bc6 12. f3 a5 13. b3 Nd7 14.
Be3 Nc5 15. Rab1 Qb6 16. Kh1 Rfc8 17. Rfc1 h5 18. Bd1 Kh7 19. Bc2 Qb4 20. Bd1 Qb6 21.
Ne2 Qb4 22. Bc2 Qa3 23. Nf4 Qxa2 24. Qd1 a4 25. b4 Nb3 26. Bxb3 axb3 27. Qxb3 Qxb3 28.
Rxb3 Ra2 29. b5 Bd7 30. h4 Bf6 31. g3 Be5 32. Kg1 Kg7 33. Bf2 Ra4 34. c5 Bxf4 35.
gxf4 Ra5 36. Rd1 Rxb5 37. Rxb5 Bxb5 38. cxd6 exd6 39. Rxd6 Be2 40. Bd4+ Kf8 41. Kf2 Bc4 42. Rb6 Ba6 43. Rd6 Ke7 44. Rb6 Rc6 45. Rb2 b5 46. Ke3 Rc4 47. Ra2 Ra4 48. Rb2 Ra3+ 49. Kf2 Ke6 50. Rc2 Bb7 51. Rc7 Ba8 52. Bc5 Ra2+ 53. Kg3 Rc2 54. Re7+ Kf6 55. Bd6 Rd2 56. Bb4 Rb2 57.
e5+ Kg7 58. Bc3 Rb3 59. Rc7 b4 60. Bd4 Rxf3+ 61. Kh2 Rxf4 62. Ba1 Rxh4+ 63. Kg3 Rh1 64. Bb2 h4+ 65. Kf2 Rh2+ 66. Kf1 Rxb2 67. e6 Kf6 68. e7 Bc6 69. Rxc6+ Kxe7 70. Rc4 h3 71. Rc5 h2 0-1

[Event "*** Titled Tuesday Blitz"]
[Site "Chess.com"]
[Date "2018.11.06"]
[Round "4"]
[White "TheBigBadChessDad"]
[Black "Alex_Terzi"]
[Result "1-0"]
[WhiteElo "2301"]
[BlackElo "2456"]
[TimeControl "180+2"]
[EndTime "13:55:25 PST"]
[Termination "TheBigBadChessDad won by checkmate"]

1. d4 e6 2. Bf4 Nf6 3. Nf3 d5 4. e3 c5 5. c3 Nc6 6. Nbd2 Bd6 7. Bg3 O-O 8. Bd3 Qe7 9. Ne5 h6 10. f4 Nd7 11. O-O a6 12. Qh5 Nf6 13. Qh3 Re8 14. Bh4 Qd8 15. Rf3 Be7 16. Rg3 Nd7 17. Bxe7 Qxe7 18. Qxh6 Qf6 19. Qh7+ Kf8 20. Qh8+ Ke7 21. Qxg7 Qxg7 22. Rxg7 Ndxe5 23. fxe5 cxd4 24. exd4 b5 25. Rf1 Rf8 26. Nf3 Bd7 27. Ng5 Nd8 28. Nh7 Rh8 29.
g4 Rb8 30. a3 a5 31. b4 Rc8 32. Bg6 Be8 33. Rf3 axb4 34. axb4 Ra8 35. Kg2 Ra2+ 36.
Kg3 Ra1 37. Kg2 Rc1 38. h4 Ra1 39. h5 Ra2+ 40. Kg3 Ra1 41. Ng5 Kf8 42. Rh7 Rxh7 43.
Nxh7+ Kg7 44. Bd3 Rd1 45. Ng5 Rc1 46. Be2 Rc2 47. Kf2 Nc6 48. Nh3 Ne7 49. Nf4 Bd7 50.
Kg3 Bc8 51. Bxb5 Rc1 52. Ng2 Ng8 53. g5 Ne7 54. Nh4 Nf5+ 55. Nxf5+ exf5 56. Bc6 Be6 57. b5 Rb1 58. Kf4 Rg1 59. Rg3 Rf1+ 60. Rf3 Rg1 61. Rg3 Rf1+ 62. Rf3 Rg1 63. Rg3 Rf1+ 64. Rf3 Rg1 65.
g6 fxg6 66. hxg6 Kxg6 67. b6 Rg4+ 68. Ke3 Re4+ 69. Kd3 Bc8 70. b7 Bxb7 71. Bxb7 Re1 72. Bxd5 Kg5 73. Be6 f4 74. d5 Rxe5 75. c4 Re1 76. c5 Rd1+ 77. Ke4 Re1+ 78. Kd4 Rd1+ 79. Ke5 Re1+ 80. Kd6 Rg1 81. c6 Rg3 82. Rxg3+ fxg3 83.
Bh3 Kf4 84. c7 Ke3 85. c8=Q Kf2 86. Qf5+ Kg1 87. Qg4 Kh2 88. Qxg3+ Kxg3 89. Be6 Kf4 90. Ke7 Ke5 91. d6 Kd4 92. d7 Ke5 93. d8=Q Ke4 94.
Qd5+ Kf4 95. Bd7 Ke3 96. Ke6 Kf4 97. Qd4+ Kf3 98. Ke5 Ke2 99. Ke4 Kf1 100. Qb2 Kg1 101. Kf3 Kh1 102. Qg2# 1-0